 Dungeon Crawl Stone Soup version 0.31-a0-949-g57150269e1 (webtiles) character file.

Game seed: 14207457817737125943

169427 pokeman the Sorcerer (level 17, -16/93 HPs)
             Began as a Deep Elf Hedge Wizard on Oct 22, 2023.
             Was the Champion of Vehumet.
             Killed from afar by a deep elf zephyrmancer (31 damage)
             ... with a bolt of lightning
             ... on level 1 of the Elven Halls.
             The game lasted 01:19:27 (27525 turns).

pokeman the Sorcerer (Deep Elf Hedge Wizard)       Turns: 27525, Time: 01:19:28

Health: -16/93     AC: 23    Str: 10    XL:     17   Next: 10%
Magic:  46/57      EV: 11    Int: 31    God:    Vehumet [******]
Gold:   3897       SH:  7    Dex: 21    Spells: 33/66 levels left

rFire   + . .        t - staff of fire
rCold   . . .        I - +0 buckler
rNeg    . . .        Z - +0 swamp dragon scales
rPois   +            u - +2 helmet {Int+3}
rElec   .            k - +2 cloak
rCorr   .            o - +3 pair of gloves of Miracles {rPois Str+3 Dex+7}
SInv    +            C - +2 pair of boots
Will    +....        M - amulet of Vitality {RegenMP++ Regen++}
Stlth   ++           q - ring of see invisible
HPRegen 1.95/turn    T - ring of magical power
MPRegen 1.15/turn

%: no passive effects
@: very slightly contaminated, studying Maces & Flails
A: no striking features
}: 1/15 runes: decaying
a: Renounce Religion


You were on level 1 of the Elven Halls.
You worshipped Vehumet.
Vehumet was exalted by your worship.
You visited 7 branches of the dungeon, and saw 29 of its levels.
You visited the Abyss 1 time.
You also visited: Gauntlet.

You collected 3941 gold pieces.
You spent 44 gold pieces at shops.

Inventory:

Missiles
 x - 5 curare-tipped darts
 N - 4 throwing nets
Armour
 f - a +2 robe of resistance
 k - a +2 cloak (worn)
 o - the +3 pair of gloves of Miracles (worn) {rPois Str+3 Dex+7}
   (You found it on level 3 of the Dungeon)

   Str+3:     It affects your strength (+3).
   Dex+7:     It affects your dexterity (+7).
   rPois:     It protects you from poison
 u - a +2 helmet of intelligence (worn)
 C - a +2 pair of boots (worn)
 I - a +0 buckler (worn)
 V - a scarf of resistance
 Z - +0 swamp dragon scales (worn)
Magical Staves
 a - a staff of cold
 t - a staff of fire (weapon)
Jewellery
 e - a ring of willpower
 h - a ring of magical power
 l - a +6 ring of intelligence
 q - a ring of see invisible (left hand)
 L - a ring of ice
 M - the amulet of Vitality (around neck) {RegenMP++ Regen++}
   (You found it in a Gauntlet)

   [amulet of magic regeneration]

   RegenMP:   It increases your rate of magic regeneration.
   Regen++:   It increases your rate of health regeneration.
 T - a ring of magical power (right hand)
 W - a ring of protection from fire
Wands
 b - a wand of charming (37)
 c - a wand of flame (21)
 A - a wand of digging (15)
 G - a wand of roots (23)
 Q - a wand of light (20)
Scrolls
 g - 8 scrolls of teleportation
 j - 2 scrolls of revelation
 s - 2 scrolls of butterflies {unknown}
 w - 4 scrolls of blinking {unknown}
 y - 3 scrolls of brand weapon {unknown}
 D - 2 scrolls of fog {unknown}
 R - 2 scrolls of amnesia {unknown}
 X - 2 scrolls of poison {unknown}
Potions
 d - a potion of magic
 m - 3 potions of degeneration {unknown}
 p - 8 potions of heal wounds
 r - 2 potions of haste
 z - 10 potions of curing
 E - 2 potions of enlightenment {unknown}
 H - 4 potions of attraction {unknown}
 O - a potion of ambrosia {unknown}
 P - a potion of mutation {unknown}
Miscellaneous
 n - a tin of tremorstones (2/2)


   Skills:
 - Level 6.0 Fighting
 + Level 7.5 Armour
 - Level 3.0 Dodging
 - Level 3.0 Stealth
 - Level 7.1 Shields
 * Level 25.1 Spellcasting
 + Level 15.5 Conjurations
 - Level 1.1 Summonings
 - Level 1.1 Translocations
 - Level 1.0 Transmutations
 + Level 12.5 Fire Magic
 - Level 1.0 Ice Magic
 - Level 1.1 Air Magic
 - Level 9.1 Earth Magic
 - Level 1.0 Poison Magic
 - Level 1.0 Evocations


You had 33 spell levels left.
You knew the following spells:

 Your Spells              Type           Power      Damage    Failure   Level
a - Magic Dart            Conj           100%       1d8       0%          1
b - Mephitic Cloud        Conj/Pois/Air  66%        N/A       1%          3
c - Call Imp              Summ           90%        N/A       1%          2
d - Blink                 Tloc           90%        N/A       1%          2
e - Stone Arrow           Conj/Erth      100%       3d13      1%          3
f - Fireball              Conj/Fire      56%        3d22      1%          5
g - Irradiate             Conj/Tmut      37%        3d24      1%          5
h - Iskenderun's Battles  Conj           94%        2d14      1%          5
i - Orb of Destruction    Conj           47%        9d12      1%          7

Your spell library contained the following spells:

 Spells                   Type           Power      Damage    Failure   Level
 Lehudib's Crystal Spear  Conj/Erth      43%        10d10     22%         8
 Scorch                   Fire           100%       2d9       0%          2
 Sandblast                Erth           100%       2d20      1%          1
 Lesser Beckoning         Tloc           90%        N/A       1%          2
 Momentum Strike          Conj/Tloc      100%       3d10      1%          2
 Passwall                 Tmut/Erth      52%        N/A       1%          2
 Brom's Barrelling Bould  Conj/Erth      86%        2d10      1%          4
 Flame Wave               Conj/Fire      100%       2d21      1%          4
 Arcjolt                  Conj/Air       37%        1d47      1%          5
 Slow                     Hex            100%       N/A       2%          1
 Cigotuvi's Dreadful Rot  Necr/Pois/Air  86%        N/A       2%          2
 Ensorcelled Hibernation  Hex/Ice        84%        N/A       2%          2
 Petrify                  Tmut/Erth      63%        N/A       2%          4
 Sublimation of Blood     Necr           38%        N/A       3%          2
 Gell's Gravitas          Tloc           45%        N/A       4%          3
 Swiftness                Air            46%        N/A       4%          3
 Teleport Other           Tloc           45%        N/A       4%          3
 Plasma Beam              Fire/Air       44%        2x1d58    5%          6
 Summon Ice Beast         Ice/Summ       45%        N/A       14%         4
 Vhi's Electric Charge    Tloc/Air       90%        N/A       14%         4
 Summon Mana Viper        Hex/Summ       42%        N/A       43%         5
 Dispersal                Tloc           22%        N/A       91%         6
 Summon Cactus Giant      Summ           22%        N/A       91%         6
 Monstrous Menagerie      Summ           22%        N/A       100%        7
 Maxwell's Capacitive Co  Air            23%        ∞         100%        8


Dungeon Overview and Level Annotations

Branches:
Dungeon (15/15)            Temple (1/1) D:7            Lair (5/5) D:11
  Swamp (4/4) Lair:2       Spider (1/4) Lair:3        Slime (0/5) Lair:4
    Orc (2/2) D:12            Elf (1/3) Orc:2        Vaults (0/5) D:14
Gauntlet (visited)
 Depths: D:15

Altars:
Ashenzari
Cheibriados
Dithmenos
Elyvilon
Fedhas
Gozag
Hepliaklqana
Kikubaaqudgha
Makhleb
Nemelex Xobeh
Okawaru
Qazlal
Ru
Sif Muna
Trog
Uskayaw
Vehumet
Wu Jian
Xom
Yredelemnul
Zin
The Shining One

Shops:
Orc:2 *[**

Annotations:
D:15 Azrael; Louise; Roxanne


Message History

The deep elf zephyrmancer blinks!
Casting: Orb of Destruction (dangerous; 1% risk of failure)
Confirm with . or Enter, or press ? or * to list all spells.
Aiming: Fireball (safe; 1% risk of failure)
Press: ? - help, Shift-Dir - straight line, f - deep elf zephyrmancer
Aim: a deep elf zephyrmancer, wielding a +0 short sword and wearing a +0 ring mail You feel a surge of power!
The fireball explodes!
The fireball engulfs the deep elf zephyrmancer!!!
The deep elf zephyrmancer is almost dead.
A deep elf pyromancer comes into view. It is wielding a +0 short sword.
The deep elf zephyrmancer casts a spell.
The deep elf zephyrmancer blinks!
A deep elf pyromancer comes into view.
It is wielding a +0 long sword of draining.
A deep elf pyromancer comes into view. It is wielding a +0 long sword.
Casting: Fireball (safe; 1% risk of failure)
Confirm with . or Enter, or press ? or * to list all spells.
Aiming: Fireball (safe; 1% risk of failure)
Press: ? - help, Shift-Dir - straight line, f/p - deep elf zephyrmancer
Aim: a deep elf zephyrmancer, wielding a +0 short sword and wearing a +0 ring mail (almost dead)
You feel a surge of power!
The fireball explodes!
The fireball engulfs the deep elf zephyrmancer!!!
You kill the deep elf zephyrmancer!
Vehumet accepts your kill.
You feel your power returning.
The deep elf zephyrmancer gestures at you while chanting.
The bolt of lightning hits you!! The bolt of lightning hits you!!!
A deep elf knight comes into view. It is wielding a +0 long sword.
The deep elf pyromancer gestures wildly while chanting.
Casting: Fireball (safe; 1% risk of failure)
Confirm with . or Enter, or press ? or * to list all spells.
You erupt in a fountain of uncontrolled magic!
The deep elf zephyrmancer is blasted with magical radiation!!
The deep elf zephyrmancer is severely wounded.
The deep elf zephyrmancer twists and deforms.
You are very lightly contaminated with residual magic.
The deep elf zephyrmancer casts a spell at you.
The bolt of lightning hits you!
* * * LOW HITPOINT WARNING * * *
The bolt of lightning hits you!!
You die...

#+ # # #.
##########
.........#
..e..°...#
e.e..).@.#
.e.....e.#
.........#
##########
# # #. #+


You could see a deep elf knight, 3 deep elf pyromancers and a deep elf
zephyrmancer (misshapen).

Vanquished Creatures
  the Lernaean hydra (Swamp:4)
  Frances (Swamp:1)
  A thorn hunter (Swamp:2)
  Kirke (D:15)
  A fenstrider witch (Swamp:4)
  2 orc warlords (Orc:2)
  5 eleionomae
  6 bunyips
  A minotaur (Gauntlet)
  A fire dragon (Lair:5)
  Snorg (D:11)
  Josephine (D:10)
  A shambling mangrove (Swamp:4)
  Harold (D:11)
  3 ghost crabs
  6 centaur warriors
  22 hydras
  An ogre mage (D:15)
  A catoblepas (Lair:1)
  A death knight (D:14)
  4 alligators
  8 two-headed ogres
  5 death yaks (Gauntlet)
  4 boulder beetles
  3 orc high priests (Orc:2)
  Sonja (Lair:4)
  The ghost of Pokonic1 the Protected, a novice GrMo of Qazlal (D:8)
  A skyshark (Lair:5)
  A sixfirhy (Gauntlet)
  A fire crab (Lair:5)
  5 goliath frogs
  10 swamp dragons
  4 spriggan druids
  2 lindwurms (Lair:5)
  2 orb spiders
  2 bog bodies
  2 deep elf pyromancers
  A deep elf zephyrmancer (Elf:1)
  A necromancer (Gauntlet)
  7 orc sorcerers (Orc:2)
  3 wolf spiders (Spider:1)
  9 orc knights
  3 will-o-the-wisps (Swamp:2)
  6 ugly things
  5 oklob plants (Lair:5)
  A salamander (shapeshifter) (D:15)
  3 cyclopes
  6 black mambas
  3 gargoyles
  6 torpor snails (Lair:5)
  An unseen horror (D:11)
  11 cane toads
  2 kobold demonologists (D:12)
  3 efreet
  4 rime drakes
  7 komodo dragons
  A yaktaur (shapeshifter) (D:15)
  9 polar bears (Lair:5)
  6 meliai (D:14)
  2 bloated husks
  9 trolls
  13 tyrant leeches
  16 hornets
  12 dream sheep
  2 tarantellas (Spider:1)
  23 blink frogs
  5 raiju
  A culicivora (Lair:3)
  A vampire (D:12)
  7 slime creatures
  6 spriggans
  A shadow (D:9)
  8 wraiths
  45 yaks
  A ynoxinul (Gauntlet)
  4 hogs (D:15)
  6 wyverns
  16 humans (D:14)
  Grum (D:9)
  A basilisk (Lair:4)
  A steam dragon (D:6)
  A redback (Spider:1)
  14 vampire mosquitoes
  14 swamp worms
  12 wargs
  3 acid dragons
  16 hell hounds
  20 water moccasins
  38 orc warriors
  An ice beast (D:8)
  11 black bears (Lair:5)
  8 swamp drakes (Swamp:4)
  A sky beast (D:6)
  18 ogres
  39 wolves
  13 centaurs
  4 kobold brigands
  13 bullfrogs
  2 scorpions (D:5)
  An earth elemental (Elf:1)
  16 wights
  8 killer bees
  3 howler monkeys
  7 electric eels
  5 jellies
  9 hounds
  26 orc priests
  2 iron imps (Gauntlet)
  29 orc wizards
  3 iguanas
  5 adders
  2 shadow imps
  3 white imps
  4 ufetubi
  A worm (D:5)
  5 dart slugs
  98 orcs
  10 ball pythons
  6 endoplasms
  A giant cockroach (D:2)
  6 hobgoblins
  31 kobolds
  2 quokkas
  3 bats
  4 frilled lizards
  8 goblins
  8 rats
927 creatures vanquished.

Vanquished Creatures (collateral kills)
  2 killer bees (D:10)
2 creatures vanquished.

Vanquished Creatures (others)
  4 slime creatures (D:15)
  A human (D:15)
  A killer bee (D:10)
  10 foxfires (Swamp:2)
16 creatures vanquished.

Grand Total: 945 creatures vanquished

Notes
Turn   | Place    | Note
-------+----------+-------------------------------------------
     0 | D:1      | pokeman the Deep Elf Hedge Wizard began the quest for the
                  | Orb.
     0 | D:1      | Reached XP level 1. HP: 10/10 MP: 7/7
   362 | D:1      | Reached XP level 2. HP: 16/16 MP: 1/9
   756 | D:1      | Found a faded altar of an unknown god.
   796 | D:1      | Reached skill level 5 in Spellcasting
  1058 | D:1      | Reached XP level 3. HP: 20/20 MP: 6/11
  1062 | D:1      | Learned a level 3 spell: Mephitic Cloud
  1065 | D:1      | Learned a level 2 spell: Call Imp
  1068 | D:1      | Learned a level 2 spell: Blink
  1072 | D:1      | Learned a level 3 spell: Stone Arrow
  1500 | D:2      | Reached skill level 1 in Fighting
  1524 | D:2      | Reached skill level 1 in Armour
  2111 | D:3      | Reached XP level 4. HP: 25/25 MP: 9/13
  2111 | D:3      | Identified the +3 pair of gloves of Miracles {rPois Str+3
                  | Dex+7}
  2439 | D:3      | Found a hide-covered altar of Uskayaw.
  2623 | D:3      | Found a snail-covered altar of Cheibriados.
  2654 | D:3      | Found an ancient bone altar of Kikubaaqudgha.
  2962 | D:4      | Reached skill level 6 in Spellcasting
  2962 | D:4      | Reached XP level 5. HP: 14/29 MP: 4/15
  3335 | D:4      | Reached skill level 1 in Earth Magic
  3335 | D:4      | Reached skill level 1 in Poison Magic
  3343 | D:4      | Reached skill level 1 in Air Magic
  3433 | D:4      | Reached XP level 6. HP: 34/34 MP: 13/17
  3516 | D:4      | Found a glowing silver altar of Zin.
  3783 | D:4      | Reached skill level 7 in Spellcasting
  3852 | D:5      | Entered Level 5 of the Dungeon
  3929 | D:5      | Found a white marble altar of Elyvilon.
  4044 | D:5      | Reached XP level 7. HP: 39/39 MP: 18/20
  4076 | D:5      | Reached skill level 8 in Spellcasting
  4480 | D:5      | Learned a level 5 spell: Irradiate
  4653 | D:6      | Reached skill level 1 in Transmutations
  4728 | D:6      | Reached XP level 8. HP: 44/44 MP: 17/22
  4932 | D:6      | Reached skill level 9 in Spellcasting
  5046 | D:6      | Reached skill level 5 in Conjurations
  5188 | D:6      | Found a shimmering altar of Xom.
  5235 | D:6      | Reached skill level 10 in Spellcasting
  5260 | D:6      | Reached XP level 9. HP: 40/48 MP: 19/25
  5306 | D:6      | Found a radiant altar of Vehumet.
  5319 | D:6      | Became a worshipper of Vehumet
  5391 | D:7      | Found a blossoming altar of Fedhas.
  5636 | D:7      | Reached skill level 5 in Earth Magic
  5877 | D:7      | Found a burning altar of Makhleb.
  5887 | D:7      | Reached skill level 11 in Spellcasting
  5905 | D:7      | Noticed a troll
  5907 | D:7      | Found a staircase to the Ecumenical Temple.
  5910 | D:7      | Killed a troll
  5914 | D:7      | Reached skill level 1 in Evocations
  6318 | D:7      | Reached * piety under Vehumet
  6318 | D:7      | Offered knowledge of Freeze by Vehumet.
  6517 | D:7      | Found a sacrificial altar of Ru.
  6677 | D:8      | Reached skill level 12 in Spellcasting
  6713 | D:8      | Found an ornate altar of the Wu Jian Council.
  6839 | D:8      | Reached XP level 10. HP: 56/56 MP: 13/28
  6976 | D:8      | Offered knowledge of Shock by Vehumet.
  6984 | D:8      | Reached skill level 13 in Spellcasting
  7257 | D:8      | Found a runed translucent gate.
  7258 | D:8      | Found a runed translucent gate.
  7259 | D:8      | Found a runed translucent gate.
  7260 | D:8      | Noticed a nine-headed hydra
  7261 | D:8      | Noticed a ten-headed hydra
  7261 | D:8      | Noticed Pokonic1's ghost (novice GrMo)
  7376 | D:8      | Noticed a brown ugly thing
  7383 | D:8      | Killed a brown ugly thing
  7524 | D:9      | Identified the "Oluoseats"
  7524 | D:9      | Identified the "Gumogimm"
  7524 | D:9      | Identified the of Qyriet Tisuf
  7526 | D:9      | Reached ** piety under Vehumet
  7546 | D:9      | Found a sparkling altar of Nemelex Xobeh.
  7845 | D:9      | Offered knowledge of Searing Ray by Vehumet.
  7853 | D:9      | Reached skill level 14 in Spellcasting
  7901 | D:9      | Found a hazy altar of Hepliaklqana.
  7954 | D:9      | Noticed Grum
  7964 | D:9      | Killed Grum
  8289 | D:9      | Found a shimmering blue altar of Sif Muna.
  8444 | D:10     | Entered Level 10 of the Dungeon
  8470 | D:10     | Found a basalt altar of Yredelemnul.
  8651 | D:10     | Noticed a gargoyle
  8654 | D:10     | Killed a gargoyle
  8655 | D:10     | Reached XP level 11. HP: 61/61 MP: 25/31
  8718 | D:10     | Found a broken altar of Ashenzari.
  8826 | D:10     | Noticed Josephine
  8833 | D:10     | Killed Josephine
  8843 | D:10     | Reached *** piety under Vehumet
  8950 | D:10     | Noticed a two-headed ogre
  8956 | D:10     | Killed a two-headed ogre
  8971 | D:10     | Reached skill level 15 in Spellcasting
  9397 | D:11     | Found the +18 Lear's hauberk
  9438 | D:11     | Noticed Snorg
  9451 | D:11     | Offered knowledge of Fulminant Prism by Vehumet.
  9460 | D:11     | Reached skill level 5 in Armour
  9478 | D:11     | Killed Snorg
  9677 | D:11     | Noticed a two-headed ogre
  9685 | D:11     | Killed a two-headed ogre
  9728 | D:11     | Found a staircase to the Lair.
  9885 | D:11     | Noticed Harold
  9892 | D:11     | Killed Harold
  9893 | D:11     | Reached skill level 16 in Spellcasting
  9920 | D:11     | Reached **** piety under Vehumet
  9925 | D:11     | Offered knowledge of Fireball by Vehumet.
  9932 | D:11     | Learned a level 5 spell: Fireball
 10632 | D:12     | Noticed a deep elf pyromancer
 10645 | D:12     | Killed a deep elf pyromancer
 10646 | D:12     | Reached skill level 1 in Fire Magic
 10646 | D:12     | Reached XP level 12. HP: 68/68 MP: 21/34
 10670 | D:12     | Reached skill level 5 in Fighting
 10772 | D:12     | Found a staircase to the Orcish Mines.
 10830 | D:12     | Noticed a two-headed ogre
 10834 | D:12     | Killed a two-headed ogre
 10946 | D:12     | Reached skill level 1 in Shields
 11092 | D:12     | Noticed a two-headed ogre
 11094 | D:12     | Reached skill level 10 in Conjurations
 11115 | D:12     | Killed a two-headed ogre
 11116 | D:12     | Reached skill level 17 in Spellcasting
 11262 | D:13     | Noticed a boulder beetle
 11269 | D:13     | Killed a boulder beetle
 11356 | D:13     | Noticed a centaur warrior
 11365 | D:13     | Killed a centaur warrior
 11545 | D:13     | Found a bloodstained altar of Trog.
 11563 | D:13     | Noticed an eight-headed hydra
 11567 | D:13     | Killed an eight-headed hydra
 11598 | D:13     | Noticed a centaur warrior
 11605 | D:13     | Killed a centaur warrior
 12295 | Temple   | Entered the Ecumenical Temple
 12484 | D:14     | Reached skill level 18 in Spellcasting
 12554 | D:14     | Noticed a centaur warrior
 12554 | D:14     | Noticed a two-headed ogre
 12554 | D:14     | Noticed a death knight
 12554 | D:14     | Found a gate to the Vaults.
 12652 | D:13     | Reached skill level 5 in Fire Magic
 12716 | D:14     | Noticed a two-headed ogre
 12719 | D:14     | Killed a two-headed ogre
 12720 | D:14     | Reached XP level 13. HP: 72/72 MP: 37/37
 12915 | D:14     | Reached ***** piety under Vehumet
 12915 | D:14     | Offered knowledge of Iskenderun's Battlesphere by Vehumet.
 12948 | D:14     | Learned a level 5 spell: Iskenderun's Battlesphere
 12951 | D:14     | Reached skill level 1 in Ice Magic
 13919 | D:15     | Entered Level 15 of the Dungeon
 13924 | D:15     | Reached skill level 19 in Spellcasting
 13932 | D:15     | Noticed Kirke
 13938 | D:15     | Killed Kirke
 14345 | D:15     | Reached skill level 5 in Shields
 14495 | D:15     | Noticed Roxanne
 14991 | D:15     | Noticed Louise
 14996 | Abyss:2  | Cast into level 2 of the Abyss (Louise)
 15008 | D:15     | Escaped the Abyss
 15352 | Lair:1   | Entered Level 1 of the Lair of Beasts
 15631 | Lair:1   | Reached skill level 20 in Spellcasting
 15715 | Lair:1   | Reached XP level 14. HP: 78/78 MP: 34/40
 15810 | Lair:1   | Identified a scroll of acquirement
 15811 | Lair:1   | Acquired 816 gold pieces
 16057 | Lair:2   | Found a staircase to the Swamp.
 16061 | Lair:2   | Offered knowledge of Olgreb's Toxic Radiance by Vehumet.
 17319 | Lair:3   | Found a sparkling altar of Nemelex Xobeh.
 17700 | Lair:3   | Found a hole to the Spider Nest.
 17768 | Lair:3   | Found the ring of the Hare {EV+10}
 17791 | Lair:3   | You fall into a shaft and drop 1 floor!
 17809 | Lair:4   | Identified the +3 trident of the Moon {heavy, rF+ Str-5
                  | Dex+6}
 17858 | Lair:4   | Reached skill level 21 in Spellcasting
 18301 | Lair:4   | Noticed Sonja
 18303 | Lair:4   | Killed Sonja
 18303 | Lair:4   | Offered knowledge of Ozocubu's Refrigeration by Vehumet.
 18925 | Lair:4   | Found a staircase to the Slime Pits.
 19073 | Lair:5   | Entered Level 5 of the Lair of Beasts
 19154 | Lair:5   | Found a gate leading to a gauntlet.
 19161 | Gauntlet | Entered a Gauntlet
 19161 | Gauntlet | Found a transporter.
 19161 | Gauntlet | Found a transporter.
 19166 | Gauntlet | Found a transporter.
 19166 | Gauntlet | Found a transporter.
 19174 | Gauntlet | Found a transporter.
 19191 | Gauntlet | Found the +5 demon whip "Spellbinder" {antimagic, disrupt,
                  | Will+}
 19193 | Gauntlet | Found a transporter.
 19205 | Gauntlet | Found a transporter.
 19205 | Gauntlet | Found a transporter.
 19207 | Gauntlet | Found a transporter.
 19238 | Gauntlet | Found a transporter.
 19245 | Gauntlet | Found a transporter.
 19266 | Gauntlet | Found a transporter.
 19270 | Gauntlet | Found the amulet of Vitality {RegenMP++ Regen++}
 19313 | Gauntlet | Found a transporter.
 19328 | Gauntlet | Found a transporter.
 19431 | Gauntlet | Found a transporter.
 19445 | Gauntlet | Found a transporter.
 19759 | Gauntlet | Reached XP level 15. HP: 82/82 MP: 40/42
 19816 | Gauntlet | Identified the +6 short sword of the Warrior {drain, Str+5}
 20376 | Lair:5   | Reached skill level 22 in Spellcasting
 20799 | Lair:5   | Reached skill level 10 in Fire Magic
 20834 | Lair:5   | Reached ****** piety under Vehumet
 20871 | Lair:5   | Offered knowledge of Conjure Ball Lightning by Vehumet.
 21099 | Lair:5   | Found a runed translucent door.
 21406 | Swamp:1  | Entered Level 1 of the Swamp
 21585 | Swamp:1  | Found a hide-covered altar of Uskayaw.
 21619 | Swamp:1  | Noticed Frances
 21624 | Swamp:1  | Killed Frances
 22065 | Swamp:2  | Noticed a thorn hunter
 22074 | Swamp:2  | Killed a thorn hunter
 22075 | Swamp:2  | Reached skill level 23 in Spellcasting
 22588 | Swamp:2  | Reached XP level 16. HP: 88/88 MP: 45/45
 23134 | Swamp:3  | Offered knowledge of Eringya's Noxious Bog by Vehumet.
 23697 | Swamp:4  | Entered Level 4 of the Swamp
 23983 | Swamp:4  | Reached skill level 24 in Spellcasting
 24087 | Swamp:4  | Noticed the 27-headed Lernaean hydra
 24098 | Swamp:4  | Killed the 27-headed Lernaean hydra
 24107 | Swamp:4  | Reached skill level 15 in Conjurations
 24312 | Swamp:4  | Got a decaying rune of Zot
 24842 | D:15     | Noticed Azrael
 24869 | D:15     | Offered knowledge of Orb of Destruction by Vehumet.
 24878 | D:15     | Learned a level 7 spell: Orb of Destruction
 25064 | D:8      | Killed Pokonic1's ghost
 25517 | Spider:1 | Entered Level 1 of the Spider Nest
 25702 | Orc:1    | Entered Level 1 of the Orcish Mines
 26050 | Orc:1    | You fall into a shaft and drop 1 floor!
 26050 | Orc:2    | Entered Level 2 of the Orcish Mines
 26617 | Orc:2    | Found a staircase to the Elven Halls.
 26699 | Orc:2    | Paralysed by an orc sorcerer for 5 turns
 26990 | Orc:2    | Found Mioggek's Armour Shoppe.
 26990 | Orc:2    | Found Beusok's General Store.
 26991 | Orc:2    | Found Aris Hug's Assorted Antiques.
 26991 | Orc:2    | Found Qiroagh's Assorted Antiques.
 27015 | Orc:2    | Bought a scroll labelled USOJYI ZORHAU for 22 gold pieces
 27015 | Orc:2    | Bought a scroll labelled NENGITHYPEM for 22 gold pieces
 27195 | Orc:2    | Reached XP level 17. HP: 80/93 MP: 47/47
 27206 | Orc:2    | Reached skill level 25 in Spellcasting
 27209 | Orc:2    | Offered knowledge of Lehudib's Crystal Spear by Vehumet.
 27521 | Desolati | Identified the "Dakkuumi"
 27521 | Vaults:5 | Identified the "Riafownu"
 27521 | Vaults:5 | Identified the "Qalaf"
 27521 | Depths:1 | Identified the "Lottatip"
 27521 | Depths:3 | Identified the "Beajizuu"
 27521 | Elf:1    | Identified the of Hivoekke
 27521 | Elf:1    | Identified the of Xekotofa
 27521 | Elf:1    | Identified the "Pezairph"
 27521 | Elf:1    | Identified the of Jeteif
 27521 | Elf:1    | Identified the "Vahul"
 27521 | Elf:1    | Entered Level 1 of the Elven Halls
 27525 | Elf:1    | Killed from afar by a deep elf zephyrmancer

Illustrated notes

Levels and vault maps discovered:
D:1:      dpeg_arrival_orchard, layout_loops_cross,
          dreamdust_ecumenical_altar_angels_and_demons,
          minmay_misc_feat_ornament
D:2:      layout_basic
D:3:      layout_basic, nicolae_uskayaw_suspiria, mainiacjoe_overflow_two_lobes
D:4:      layout_loops_cross, zin_statuary, minmay_misc_feat_rows,
          kennysheep_crisscross
D:5:      layout_basic, elyvilon_altar_4
D:6:      layout_rooms, tgw_xom, nicolae_vehumet_altar_sigil,
          wad_floor_pattern_untrapped, grunt_ministairs_8
D:7:      layout_basic, lemuel_coloured_pillars_altar, fedhas_altar_1,
          nicolae_overflow_hidden_temple, minmay_temple_entry_purple_smoke,
          lightli_orcish_oven
D:8:      layout_gridville, nzn_wu_jian_council_hall,
          gammafunk_ghost_hydra_chop, grunt_ministairs_15
D:9:      layout_loops_ring, nemelex_xobeh_ov_fountains_minmay,
          old_standard_altar, nicolae_sif_muna_little_library, uniq_grum
D:10:     layout_gridville, mainiacjoe_overflow_six_doors_small,
          ashenzari_altar_1, uniq_josephine
D:11:     layout_small_grid, erik_lair_island, uniq_snorg, uniq_harold
D:12:     layout_roguey, david_orc_4
D:13:     layout_basic, bloody_trog
D:14:     layout_loops_ring, david_vaults_3, columned_hall_lemuel,
          kennysheep_decorative_pillar
D:15:     grunt_enter_depths_hoard, layout_loops_corners, nicolae_hexahallways,
          nicolae_the_louvre, uniq_kirke, uniq_azrael, uniq_louise, uniq_roxanne
Temple:   hellmonk_temple_rainy
Lair:1:   layout_roguey
Lair:2:   layout_cave_pods, alex1729_swamp_entry_worm_eleionoma
Lair:3:   layout_chaotic_city, nicolae_spider_entry_orb_guardian, basic_altar,
          serial_bayou_shore_a, grunt_megastairs_2
Lair:4:   layout_cave_pods, slime_entry_1, grunt_megastairs_4, uniq_sonja
Lair:5:   hangedman_lair_caniforms_friends, layout_small_grid, wormcave,
          gauntlet_entry_generic, dpeg_oklob_1
Swamp:1:  layout_falls_marsh, nicolae_swamp_godswood, uniq_frances
Swamp:2:  layout_basic_swamp, evilmike_swamp_ruin_house_2, swamp_pool4
Swamp:3:  layout_falls_marsh, evilmike_swamp_ruin_rubble_1, swamp_pool4,
          nicolae_swamp_some_circles
Swamp:4:  swamp_old_school, layout_basic_swamp, swamp_pool4,
          infiniplex_staircase_pool
Spider:1: nicolae_spider_obnoxious_hallway
Orc:1:    nicolae_orc_accident_2, layout_caves
Orc:2:    st_orc_elflike, layout_caves, minmay_orc_treasury
Elf:1:    minmay_elf_arrival_summoners, layout_geoelf_diagonals,
          serial_hangedman_research, hangedman_research_pyrotechnics,
          hangedman_research_toxicology, hangedman_research_thanatology,
          hangedman_research_convocations, minmay_elf_sorcery, drop_trap,
          grunt_ministairs_8, nicolae_alphabet_shops

Skill      XL: |  1  2  3  4  5  6  7  8  9 10 11 12 13 14 15 16 17 |
---------------+----------------------------------------------------+-----
Spellcasting   | 5 6 7 8 10 12 14 16 18 20 21 23 24 25 | 25.1
Fighting       | 1 2 3 4 5 6 |  6.0
Armour         | 1 3 4 5 7 |  7.5
Conjurations   | 2 3 4 5 7 8 9 10 12 13 14 15 | 15.5
Dodging        | 3 |  3.0
Stealth        | 3 |  3.0
Earth Magic    | 1 2 3 4 6 7 9 |  9.1
Poison Magic   | 1 |  1.0
Air Magic      | 1 |  1.1
Transmutations | 1 |  1.0
Evocations     | 1 |  1.0
Fire Magic     | 1 5 7 9 11 12 | 12.5
Shields        | 3 5 7 |  7.1
Ice Magic      | 1 |  1.0
Summonings     | |  1.1
Translocations | |  1.1

Action                     |  1- 3 |  4- 6 |  7- 9 | 10-12 | 13-15 | 16-18 || total
---------------------------+-------+-------+-------+-------+-------+-------++-------
  Melee: Short sword       |     7 |       |       |       |       |       ||     7
         Sling             |       |     1 |       |       |       |       ||     1
         Whip              |       |       |       |    31 |       |       ||    31
         Dagger            |       |       |       |       |    45 |       ||    45
         Punch             |       |       |       |       |     1 |       ||     1
         Staff             |       |       |       |       |     4 |     9 ||    13
   Fire: Sling             |    27 |    37 |    85 |    33 |       |       ||   182
   Cast: Magic Dart        |    81 |    65 |    65 |    37 |     5 |     1 ||   254
         Mephitic Cloud    |       |     3 |     7 |    28 |    20 |     1 ||    59
         Stone Arrow       |       |    12 |    82 |   225 |   130 |     3 ||   452
         Irradiate         |       |       |       |     1 |    10 |     3 ||    14
         Call Imp          |       |       |       |     1 |       |     2 ||     3
         Fireball          |       |       |       |    46 |   407 |   254 ||   707
         Blink             |       |       |       |     2 |     1 |     3 ||     6
         Iskenderun's Batt |       |       |       |       |     4 |       ||     4
         Orb of Destructio |       |       |       |       |       |     5 ||     5
    Use: Scroll            |       |       |       |    12 |    10 |       ||    22
   Stab: Confused          |       |       |       |     2 |    13 |       ||    15
 Armour: Robe              |     6 |    27 |    53 |   102 |   110 |       ||   298
         Swamp dragon scal |       |       |       |       |       |    35 ||    35
  Dodge: Dodged            |     9 |    23 |    68 |   116 |    61 |     7 ||   284
  Block: Buckler           |       |       |       |       |    13 |     8 ||    21

Table legend: (Time is in decaauts)
 A = Elapsed time spent in this place.
 B = Non-inter-level travel time spent in this place.
 C = Inter-level travel time spent in this place.
 D = Time resting spent in this place.
 E = Time spent auto-exploring this place.
 F = Levels seen in this place.
 G = Mean time per level.
                   A        B        C        D        E       F      G
               +--------+--------+--------+--------+--------+-----+--------+
         Total |  27958 |  24970 |   2988 |    865 |  19757 |  31 |  901.9 |
       Dungeon |  16347 |  14458 |   1889 |    392 |  11897 |  15 | 1089.8 |
        Temple |     82 |     69 |     13 |      0 |      0 |   1 |   82.0 |
          Lair |   5706 |   4948 |    758 |    215 |   3983 |   5 | 1141.2 |
         Swamp |   3285 |   3042 |    243 |    217 |   2440 |   4 |  821.2 |
   Spider Nest |      7 |      7 |      0 |      0 |      0 |   1 |    7.0 |
  Orcish Mines |   1821 |   1740 |     81 |     41 |   1361 |   2 |  910.5 |
   Elven Halls |      3 |      3 |      0 |      0 |      0 |   1 |    3.0 |
         Abyss |     11 |     11 |      0 |      0 |      0 |   1 |   11.0 |
      Gauntlet |    692 |    692 |      0 |      0 |     75 |   1 |  692.0 |
               +--------+--------+--------+--------+--------+-----+--------+

Top non-repeatable levels by time:
     D:7: 1431 daAuts
  Lair:5: 1419 daAuts
    D:11: 1419 daAuts
     D:1: 1320 daAuts
    D:14: 1288 daAuts
  Lair:2: 1239 daAuts
    D:15: 1239 daAuts
    D:12: 1231 daAuts
   Orc:2: 1218 daAuts
     D:8: 1217 daAuts
  Lair:4: 1096 daAuts
     D:9: 1058 daAuts
  Lair:3: 1058 daAuts
 Swamp:4: 1051 daAuts
    D:13: 1049 daAuts
